 Dungeon Crawl Stone Soup version 0.29.1-14-g9c671dbff4 (webtiles) character file.

Game seed: 5499361045311192115

434 rhet the Shield-Bearer (level 7, -6/55 HPs)
             Began as a Formicid Fighter on Feb 19, 2023.
             Mangled by a mummy (13 damage)
             ... in an ossuary.
             The game lasted 00:07:50 (4693 turns).

rhet the Shield-Bearer (Formicid Fighter)           Turns: 4693, Time: 00:07:50

Health: -6/55      AC: 12    Str: 22      XL:     7   Next: 20%
Magic:  7/7        EV:  6    Int:  8      God:
Gold:   215        SH:  5    Dex: 12 (13) Spells: 6/6 levels left

rFire   . . .      SeeInvis +   a - +0 flail
rCold   . . .      Faith    .   c - +0 buckler
rNeg    . . .      Spirit   .   n - +0 plate armour
rPois   .          Reflect  .   (helmet unavailable)
rElec   .          Harm     .   (no cloak)
rCorr   .          Rampage  .   (no gloves)
Will    .....                   (no boots)
Stlth   ..........              (no amulet)
HPRegen 0.18/turn               (no ring)
MPRegen 0.10/turn               (no ring)

@: flying
A: permanent stasis, dig shafts and tunnels, antennae 3, four strong arms
a: Dig


You were in an ossuary.
You visited 1 branch of the dungeon, and saw 5 of its levels.
You also visited: Ossuary.

You collected 215 gold pieces.

Inventory:

Hand Weapons
 a - a +0 flail (weapon)
Armour
 b - a +0 scale mail
 c - a +0 buckler (worn)
 j - a +2 leather armour of cold resistance
 n - a +0 plate armour (worn)
Jewellery
 d - a ring of wizardry
Potions
 f - 2 potions of curing
 g - a potion of haste
 h - a potion of degeneration
 k - a potion of magic
 m - a potion of berserk rage {unknown}


   Skills:
 + Level 4.4 Fighting
 * Level 4.4 Maces & Flails
 + Level 4.5 Armour
 + Level 3.4 Stealth
 + Level 5.4 Shields


You had 6 spell levels left.
You didn't know any spells.
Your spell library contained the following spells:

 Spells                   Type           Power      Damage    Failure   Level
 Apportation              Tloc           0%         N/A       100%        1
 Freeze                   Ice            0%         1d3       100%        1
 Necrotise                Necr           0%         1d4       100%        1
 Sting                    Tmut/Pois      0%         1d3       100%        1
 Summon Small Mammal      Summ           0%         N/A       100%        1
 Ensorcelled Hibernation  Hex/Ice        0%         N/A       100%        2
 Poisonous Vapours        Pois/Air       0%         N/A       100%        2
 Frozen Ramparts          Ice            0%         1d1       100%        3
 Spider Form              Tmut/Pois      0%         N/A       100%        3
 Anguish                  Hex/Necr       0%         N/A       100%        4
 Hailstorm                Conj/Ice       0%         3d3       100%        4
 Olgreb's Toxic Radiance  Pois           0%         N/A       100%        4
 Summon Lightning Spire   Summ/Air       0%         N/A       100%        4
 Alistair's Intoxication  Tmut/Pois      0%         N/A       100%        5
 Storm Form               Tmut/Air       0%         N/A       100%        7
 Maxwell's Capacitive Co  Air            0%         ∞         100%        8


Dungeon Overview and Level Annotations

Branches:
Dungeon (5/15)            Ossuary (1/1)
 Temple: D:4-7

Altars:
Sif Muna

Shops:
D:2 (

Annotations:
D:4 Dowan, Duvessa


Innate Abilities, Weirdness & Mutations

You cannot be hasted, slowed, berserked, paralysed or teleported.
You can dig through walls and to a lower floor.
You have a pair of large antennae on your head. (SInv)
Your four strong arms can wield two-handed weapons with a shield.


Message History

Your orc skeleton hits the mummy but does no damage.
Your orc zombie hits the mummy but does no damage.
You block the mummy's attack. The mummy barely misses your butterfly.
There is a gate leading back out of this place here.
You hit the mummy.
The mummy is lightly damaged.
Your orc zombie hits the mummy.
Your orc skeleton hits the mummy but does no damage.
The mummy hits your orc zombie. The mummy hits your orc zombie!
Your orc zombie is destroyed!
Your orc zombie dissolves into shadows!
The mummy hits you but does no damage.
You swap places.
Your orc skeleton hits the mummy.
You sock the mummy!
The mummy is almost destroyed.
The mummy hits you. The mummy hits your orc skeleton!!
Your orc skeleton is destroyed!
Your orc skeleton dissolves into shadows!
The mummy closely misses you.
Unknown command.
You barely miss the mummy.
The mummy is almost destroyed.
Your butterfly disappears in a burst of colours!
The mummy barely misses you. The mummy hits you but does no damage.
Unknown command.
It was a potion of flight.
You feel very buoyant.
You fly up into the air.
You block the mummy's attack.
The kobold zombie hits you but does no damage.
The mummy hits you! You block the mummy's attack. The mummy hits you!
* * * LOW HITPOINT WARNING * * *
The kobold zombie hits you but does no damage.
You sock the mummy!
The mummy is heavily damaged.
The mummy barely misses you. The mummy hits you.
* * * LOW HITPOINT WARNING * * *
The mummy hits you but does no damage.
Unknown command.
The mummy hits you!
You die...

#+##........##+#
##......##
##....## #....#
#....# #....#
#....# #..M.#
#.M@M# #.MZM#
#.∩∩M# ######


You could see 6 mummies and a kobold zombie.

Vanquished Creatures
  An ice beast (D:3)
  A bullfrog (D:5)
  A scorpion (D:4)
  An orc priest (D:3)
  An iguana (D:3)
  An orc wizard (D:3)
  6 adders
  2 ufetubi (D:5)
  A worm (D:2)
  A dart slug (D:3)
  7 orcs
  4 endoplasms (D:3)
  2 giant cockroaches (D:3)
  A gnoll zombie (Ossuary)
  6 goblins
  6 hobgoblins
  3 jackals (D:3)
  6 ball pythons
  6 bats
  6 frilled lizards
  3 hobgoblin zombies (Ossuary)
  3 kobolds
  2 kobold zombies (Ossuary)
  An orc zombie (Ossuary)
  2 rats
74 creatures vanquished.

Notes
Turn   | Place    | Note
-------+----------+-------------------------------------------
     0 | D:1      | rhet the Formicid Fighter began the quest for the Orb.
     0 | D:1      | Reached XP level 1. HP: 18/18 MP: 1/1
   517 | D:1      | Reached XP level 2. HP: 24/24 MP: 2/2
  1405 | D:2      | Reached skill level 1 in Stealth
  1405 | D:2      | Reached XP level 3. HP: 25/29 MP: 3/3
  1732 | D:2      | Found Atuok's Weapon Boutique.
  1829 | D:2      | Identified the +10 long sword of the Apocalypse {venom,
                  | rF++ Str-4}
  1923 | D:2      | Reached XP level 4. HP: 33/37 MP: 4/4
  2621 | D:3      | Reached XP level 5. HP: 42/42 MP: 5/5
  2637 | D:3      | Found a shimmering blue altar of Sif Muna.
  2879 | D:3      | Found a faded altar of an unknown god.
  3148 | D:4      | Noticed Duvessa
  3148 | D:4      | Noticed Dowan
  3148 | D:4      | Noticed an ogre
  3520 | D:4      | Reached XP level 6. HP: 45/48 MP: 6/6
  3535 | D:4      | Noticed a black bear
  3633 | D:3      | Reached skill level 5 in Shields
  4245 | D:4      | Noticed an ice beast
  4293 | D:3      | Killed an ice beast
  4477 | D:5      | Entered Level 5 of the Dungeon
  4505 | D:5      | Reached XP level 7. HP: 36/55 MP: 7/7
  4576 | D:5      | Found a sand-covered staircase.
  4583 | Ossuary  | Entered an ossuary
  4693 | Ossuary  | Mangled by a mummy

Illustrated notes

Levels and vault maps discovered:
D:1:      minmay_arrival_hallway, layout_basic
D:2:      layout_rooms, serial_shops, nicolae_shop_bloodbath_and_beyond
D:3:      layout_basic, old_standard_altar, serial_curves, eino_curves_04,
          eino_curves_02, ebering_ecumenical_altar_webs,
          kennysheep_generic_room_3
D:4:      layout_cave_pods, uniq_duvessa
D:5:      layout_basic, temple_hall, nicolae_ossuary_entry_false_entrances,
          chequers_mini_garden
Ossuary:  ossuary_tomb_3

Skill      XL: |  1  2  3  4  5  6 |
---------------+-------------------+-----
Stealth        | 1 2 3 |  3.4
Maces & Flails | 3 4 |  4.4
Fighting       | 4 |  4.4
Armour         | 4 |  4.5
Shields        | 5 |  5.4

Action                   |  1- 3 |  4- 6 |  7- 9 || total
-------------------------+-------+-------+-------++-------
Melee: Flail             |    58 |   161 |    30 ||   249
  Use: Scroll            |       |     6 |     2 ||     8
       Potion            |       |     4 |     1 ||     5
Armor: Scale mail        |    27 |    51 |       ||    78
       Plate armour      |       |    66 |    27 ||    93
       Leather armour    |       |     4 |       ||     4
Dodge: Dodged            |    29 |    59 |    19 ||   107
Block: Buckler           |    14 |    41 |    17 ||    72
